 Dungeon Crawl Stone Soup version 0.29.0-3-gbb0933ed62 (webtiles) character file.

Game seed: 16690792931705784531

103 sking99 the Gusty (level 5, -1/37 HPs)
             Began as a Human Air Elementalist on Aug 25, 2022.
             Slain by an adder (4 damage)
             ... on level 3 of the Dungeon.
             The game lasted 00:06:12 (3851 turns).

sking99 the Gusty (Human Air Elementalist)          Turns: 3851, Time: 00:06:12

Health: -1/37      AC:  2    Str: 10    XL:     5   Next: 6%
Magic:  8/8        EV: 12    Int: 16    God:
Gold:   157        SH:  0    Dex: 13    Spells: 2/9 levels left

rFire   . . .      SeeInvis .   e - +0 dagger
rCold   . . .      Faith    .   (no shield)
rNeg    . . .      Spirit   .   a - +0 robe
rPois   .          Reflect  .   (no helmet)
rElec   .          Harm     .   (no cloak)
rCorr   .          Rampage  .   (no gloves)
Will    .....                   (no boots)
Stlth   ++........              (no amulet)
HPRegen 0.12/turn               (no ring)
MPRegen 0.11/turn               (no ring)

@: no status effects
A: no striking features
a: no special abilities


You were on level 3 of the Dungeon.
You visited 1 branch of the dungeon, and saw 3 of its levels.

You collected 157 gold pieces.

Inventory:

Hand Weapons
 e - a +0 dagger (weapon)
Armour
 a - a +0 robe (worn)
 c - a +0 kite shield
Wands
 i - a wand of polymorph (11)
Scrolls
 f - 6 scrolls of identify {unknown}
 g - a scroll of acquirement {unknown}
 h - a scroll of torment {unknown}
 j - a scroll of immolation {unknown}
 k - 3 scrolls of vulnerability {unknown}
 l - a scroll of fog {unknown}
 m - a scroll of teleportation {unknown}
 o - a scroll of fear {unknown}
Potions
 b - a potion of magic
 d - 2 potions of curing {unknown}
 n - a potion of lignification {unknown}
 p - a potion of haste {unknown}


   Skills:
 + Level 1.1 Fighting
 - Level 2.0 Dodging
 - Level 2.0 Stealth
 - Level 2.5 Spellcasting
 - Level 2.4 Conjurations
 * Level 4.2 Air Magic


You had 2 spell levels left.
You knew the following spells:

 Your Spells              Type           Power      Damage    Failure   Level
a - Shock                 Conj/Air       48%        1d6       4%          1
b - Static Discharge      Conj/Air       24%        3-5/arc   8%          2
c - Airstrike             Air            7%         2d(2-18)  34%         4

Your spell library contained the following spells:

 Spells                   Type           Power      Damage    Failure   Level
 Apportation              Tloc           4%         N/A       21%         1
 Necrotise                Necr           8%         1d4       21%         1
 Summon Small Mammal      Summ           8%         N/A       21%         1
 Swiftness                Air            15%        N/A       11%         3


Dungeon Overview and Level Annotations

Branches:
Dungeon (3/15)

Altars:


Message History

The zap misses the orc priest.
The adder hisses angrily.
The frilled lizard hisses angrily.
The orc priest calls down the wrath of Beogh upon you.
Beogh smites you!
The orc priest invokes the aid of Beogh against you.
Pain shoots through your body!
There is an open gate here.
You close the gate.
An orc breaks down the gate.
The orc priest shouts!
The orc priest invokes the aid of Beogh against you.
Beogh smites you!
* * * LOW HITPOINT WARNING * * *
There is an open gate here.
As you close the gate, it creaks loudly!
An orc breaks down the gate.
The adder bites you.
* * * LOW HITPOINT WARNING * * *
You hit the adder but do no damage. The adder bites you but does no damage.
You closely miss the adder. The adder barely misses you. The adder bites you.
* * * LOW HITPOINT WARNING * * *
You closely miss the adder. The adder bites you.
* * * LOW HITPOINT WARNING * * *
You hit the adder.
The adder is lightly wounded.
The adder misses you.
You hit the adder.
The adder is heavily wounded.
The adder misses you.
You barely miss the adder.
The adder is heavily wounded.
The adder closely misses you. x2
You hit the adder.
The adder is almost dead.
The adder bites you.
* * * LOW HITPOINT WARNING * * *
You miss the adder.
The adder is almost dead.
The adder bites you.
You die...

##.....##.##.###........#........
8#####...............##....##.##.
.#....###.###.#......#####.##.#
.'.##.# #.###.#.#.....#.......#
.'....###.....#.......#.##.##.#
.'......o..#######....#.##.##.##.
.#....###.o...lo......#.##...)...
8#.##.# #.###.#S#.....#.#####.###
##....# #.#...#.@.#####.#####.#
##.######...#####.# #.......#
...# #........#...# #######.#
.#.# #.##.#.#.#.########### #.#
...# #.##.#.#...###.......###.#
##.###.##.........#.##........#
#.......###.#####.#>##.##.#####
...###..###.# #......##.#
.....#......# ###.#####.#


You could see an orc priest, an adder and a frilled lizard.

Vanquished Creatures
  An orc wizard (D:3)
  An adder (D:2)
  A dart slug (D:2)
  An orc (D:3)
  4 ball pythons
  4 bats
  3 endoplasms
  2 giant cockroaches
  7 goblins
  5 hobgoblins
  7 jackals (D:1)
  A quokka (D:2)
  5 frilled lizards
  13 kobolds
  8 rats
63 creatures vanquished.

Notes
Turn   | Place    | Note
-------+----------+-------------------------------------------
     0 | D:1      | sking99 the Human Air Elementalist began the quest for the
                  | Orb.
     0 | D:1      | Reached XP level 1. HP: 13/13 MP: 3/3
   157 | D:1      | Reached XP level 2. HP: 19/19 MP: 1/5
   203 | D:1      | Learned a level 2 spell: Static Discharge
   765 | D:1      | Reached XP level 3. HP: 24/24 MP: 3/6
  1165 | D:1      | Found a faded altar of an unknown god.
  2182 | D:2      | Reached XP level 4. HP: 25/31 MP: 2/7
  3112 | D:2      | Learned a level 4 spell: Airstrike
  3705 | D:3      | Reached skill level 1 in Fighting
  3705 | D:3      | Reached skill level 4 in Air Magic
  3705 | D:3      | Reached XP level 5. HP: 30/37 MP: 0/8
  3851 | D:3      | Slain by an adder

Illustrated notes

Levels and vault maps discovered:
D:1:      dpeg_arrival_shelter, layout_basic,
          shapermc_ecumenical_altar_totnotflames
D:2:      layout_loops_ring
D:3:      layout_loops_cross, nicolae_overflow_ecumenical_swirl,
          kennysheep_doodads, kennysheep_donut

Skill      XL: |  1  2  3  4 |
---------------+-------------+-----
Conjurations   | 2 |  2.4
Fighting       | 1 |  1.1
Air Magic      | 4 |  4.2
Dodging        | |  2.0
Stealth        | |  2.0
Spellcasting   | |  2.5

Action                   |  1- 3 |  4- 6 || total
-------------------------+-------+-------++-------
Melee: Unarmed           |     2 |       ||     2
       Dagger            |    13 |     8 ||    21
 Cast: Shock             |    78 |    54 ||   132
Armor: Robe              |    13 |     4 ||    17
Dodge: Dodged            |    40 |    19 ||    59
